 Seeded DCSS version 0.31-a0-557-g6e16503903 (webtiles) character file.

Game seed: 16161720884980326079 (custom seed)

209 innerfire43 the Ruffian (level 5, -12/41 HPs)
             Began as a Gnoll Shapeshifter on Aug 16, 2023.
             Was a Believer of Uskayaw.
             Mangled by an iguana (14 damage)
             ... on level 4 of the Dungeon.
             The game lasted 00:02:34 (2111 turns).

innerfire43 the Ruffian (Gnoll Shapeshifter)        Turns: 2111, Time: 00:02:35

Health: -12/41     AC:  5    Str: 16    XL:     5   Next: 87%
Magic:  7/7        EV:  2    Int:  8    God:    Uskayaw [**....]
Gold:   137        SH:  0    Dex: 16    Spells: 7/7 levels left

rFire   . .          .
                       - Unarmed
rCold   x . .        (shield currently unavailable)
rNeg    . . .        a - +0 animal skin
rPois   .            p - +2 helmet "Paunutas" {rC- Will++ Dex+4 SInv}
rElec   .            (no cloak)
rCorr   .            (no gloves)
SInv    +            (no boots)
Will    ++...        j - amulet of faith
Stlth   +            (no ring)
HPRegen 0.26/turn    (no ring)
MPRegen 0.10/turn

%: faith
@: flux-form, sleeping, glowing
A: glow, contaminating, fangs 1, strong nose, distributed training
a: Begin Untransformation, Renounce Religion, Stomp, Line Pass


You were on level 4 of the Dungeon.
You worshipped Uskayaw.
Uskayaw was noncommittal.
You were something dangerously unstable.
You visited 1 branch of the dungeon, and saw 4 of its levels.

You collected 137 gold pieces.

Inventory:

Hand Weapons
 f - a +4 club
Missiles
 n - a throwing net
Armour
 a - a +0 animal skin (worn)
 g - a +0 helmet
 p - the +2 helmet "Paunutas" (worn) {rC- Will++ Dex+4 SInv}
   (You took it off Robin on level 2 of the Dungeon)

   Dex+4:     It affects your dexterity (+4).
   rC-:       It makes you vulnerable to cold.
   Will++:    It greatly increases your willpower.
   SInv:      It lets you see invisible.
 r - a +1 cloak
Jewellery
 j - an amulet of faith (around neck)
 o - an amulet of magic regeneration
 q - an amulet of guardian spirit
Talismans
 c - a beast talisman
 d - a flux talisman (active)
Wands
 v - a wand of flame (18)
Scrolls
 e - a scroll of brand weapon {unknown}
 h - 2 scrolls of silence {unknown}
 l - a scroll of fog {unknown}
 s - a scroll of identify {unknown}
 u - a scroll of poison {unknown}
 w - 3 scrolls of teleportation {unknown}
Potions
 b - a potion of lignification
 i - a potion of haste {unknown}
 k - a potion of ambrosia {unknown}
 m - a potion of attraction {unknown}
 t - a potion of curing {unknown}


   Skills:
 + Level 3.1 Fighting
 + Level 1.7 Short Blades
 + Level 1.7 Long Blades
 + Level 1.7 Axes
 + Level 1.7 Maces & Flails
 + Level 1.7 Polearms
 + Level 1.7 Staves
 + Level 1.7 Ranged Weapons
 + Level 1.7 Throwing
 + Level 1.7 Armour
 + Level 4.9 Dodging
 + Level 1.7 Stealth
 + Level 1.7 Shields
 + Level 6.7 Unarmed Combat
 + Level 1.7 Spellcasting
 + Level 1.3 Conjurations
 + Level 1.3 Hexes
 + Level 1.3 Summonings
 + Level 1.3 Necromancy
 + Level 1.3 Translocations
 + Level 1.3 Transmutations
 + Level 1.3 Fire Magic
 + Level 1.3 Ice Magic
 + Level 1.3 Air Magic
 + Level 1.3 Earth Magic
 + Level 1.3 Poison Magic
 + Level 1.9 Invocations
 + Level 1.7 Evocations
 + Level 6.6 Shapeshifting


You had 7 spell levels left.
You didn't know any spells.
Your spell library contained the following spells:

 Spells                   Type           Power      Damage    Failure   Level
 Poisonous Vapours        Pois/Air       4%         N/A       32%         2
 Mephitic Cloud           Conj/Pois/Air  2%         N/A       54%         3
 Freezing Cloud           Conj/Ice/Air   1%         6-21      99%         5


Dungeon Overview and Level Annotations

Branches:
Dungeon (4/15)
 Temple: D:4-7

Altars:
Uskayaw


Innate Abilities, Weirdness & Mutations

You are something dangerously unstable.
You glow with magical radiation, making you easy to see and hit.
Foes you strike become dangerously contaminated with magical radiation.
You are incapable of wielding weapons or throwing items.
You have very sharp teeth.
Your uncanny sense of smell can sniff out nearby items.
Your experience applies equally to all skills.


Message History

You hear the slow hiss of a distant avalanche of sand.
The ufetubus hits you but does no damage.
The ufetubus hits you.
You wake up.
The ball python barely misses you. The ball python constricts you.
A jackal comes into view.
The iguana bites you! The sleepcap releases spores at you.
The ufetubus hits you.
The ufetubus hits you but does no damage.
You are too injured to fight recklessly!
Unknown command.
You are too injured to fight recklessly!
You escape the ball python's grasp.
The ball python attacks as you move away!
The ball python closely misses you. x2
The iguana bites you.
* * * LOW HITPOINT WARNING * * *
The ufetubus closely misses you. The ufetubus hits you.
* * * LOW HITPOINT WARNING * * *
The iguana attacks as you move away! The iguana closely misses you.
A jackal comes into view.
The jackal barks!
You hit the ufetubus.
The ufetubus begins to glow.
Your bite misses the ufetubus.
The ufetubus is severely wounded.
The ufetubus hits you but does no damage.
The ufetubus closely misses you.
You hit the ufetubus.
You kill the ufetubus!
A jackal comes into view.
The jackal barks!
You hit the sleepcap but do no damage.
The sleepcap glows dangerously bright.
You bite the sleepcap.
The sleepcap is lightly damaged.
The sleepcap releases spores at you!
* * * LOW HITPOINT WARNING * * *
You are engulfed in a cloud of soporific spores!
You fall asleep.
You can now pass through a line of other dancers.
The iguana bites you!
You die...

##......#
#.......#
##.......# ...
#........# .?..
#........# ....
##.....(.... .....
###....#######
.....# ###.....##
......##fB.....#
........l##.....#
........S##.....#
..###.....##.....#
#.)...###.>...#
#......###....#
#......... #....
.............#..
..#...........


You could see a sleepcap (heavy contam), an iguana and a ball python.

Vanquished Creatures
  Crazy Yiuf (D:2)
  Jessica (D:2)
  Terence (D:2)
  Robin (D:2)
  3 adders (D:2)
  An ufetubus (D:4)
  3 worms (D:2)
  A dart slug (D:1)
  8 orcs
  A bat (D:3)
  2 endoplasms
  2 giant cockroaches
  10 hobgoblins
  7 kobolds
  A quokka (D:1)
  3 ball pythons
  3 frilled lizards
  16 goblins
  3 rats
68 creatures vanquished.

Notes
Turn   | Place    | Note
-------+----------+-------------------------------------------
     0 | D:1      | innerfire43 the Gnoll Shapeshifter began the quest for the
                  | Orb.
     0 | D:1      | Reached XP level 1. HP: 17/17 MP: 1/1
    98 | D:1      | Found a faded altar of an unknown god.
   130 | D:1      | Reached XP level 2. HP: 17/23 MP: 2/2
   143 | D:1      | Prayed at the altar of an unknown god.
   143 | D:1      | Became a worshipper of Uskayaw the Reveller
   143 | D:1      | Reached * piety under Uskayaw
   535 | D:2      | Reached ** piety under Uskayaw
   552 | D:2      | Noticed Terence
   558 | D:2      | Killed Terence
   559 | D:2      | Reached skill level 1 in Invocations
   559 | D:2      | Reached XP level 3. HP: 19/28 MP: 2/4
   561 | D:2      | Reached *** piety under Uskayaw
   566 | D:2      | Reached **** piety under Uskayaw
   659 | D:2      | Reached skill level 1 in Short Blades
   659 | D:2      | Reached skill level 1 in Long Blades
   659 | D:2      | Reached skill level 1 in Axes
   659 | D:2      | Reached skill level 1 in Maces & Flails
   659 | D:2      | Reached skill level 1 in Polearms
   659 | D:2      | Reached skill level 1 in Staves
   659 | D:2      | Reached skill level 1 in Ranged Weapons
   659 | D:2      | Reached skill level 1 in Throwing
   659 | D:2      | Reached skill level 1 in Armour
   659 | D:2      | Reached skill level 1 in Stealth
   659 | D:2      | Reached skill level 1 in Shields
   659 | D:2      | Reached skill level 1 in Spellcasting
   659 | D:2      | Reached skill level 1 in Evocations
   758 | D:2      | Reached XP level 4. HP: 30/34 MP: 5/5
   957 | D:2      | Identified the +2 helmet "Paunutas" {rC- Will++ Dex+4 SInv}
   957 | D:2      | Noticed Robin
   972 | D:2      | Reached skill level 1 in Conjurations
   972 | D:2      | Reached skill level 1 in Hexes
   972 | D:2      | Reached skill level 1 in Summonings
   972 | D:2      | Reached skill level 1 in Necromancy
   972 | D:2      | Reached skill level 1 in Translocations
   972 | D:2      | Reached skill level 1 in Transmutations
   972 | D:2      | Reached skill level 1 in Fire Magic
   972 | D:2      | Reached skill level 1 in Ice Magic
   972 | D:2      | Reached skill level 1 in Air Magic
   972 | D:2      | Reached skill level 1 in Earth Magic
   972 | D:2      | Reached skill level 1 in Poison Magic
   996 | D:2      | Killed Robin
   996 | D:2      | Reached ***** piety under Uskayaw
  1099 | D:2      | Reached XP level 5. HP: 37/40 MP: 5/7
  1121 | D:2      | Noticed Jessica
  1127 | D:2      | Killed Jessica
  1218 | D:2      | Found a runed translucent door.
  1219 | D:2      | Noticed Crazy Yiuf
  1225 | D:2      | Killed Crazy Yiuf
  1949 | D:3      | Identified the +5 dagger of the King {flame, Fly rC+++
                  | Str-5 Dex-4}
  2110 | D:4      | HP: 2/41 [sleepcap (7)]
  2111 | D:4      | Mangled by an iguana

Illustrated notes

Levels and vault maps discovered:
D:1:      nzn_arrival_settlement, layout_rooms,
          shapermc_ecumenical_altar_starsandcircs
D:2:      layout_basic, feat_on_display, uniq_jessica, uniq_robin,
          uniq_crazy_yiuf_cottage, uniq_terence
D:3:      layout_rooms, interstate_on_off, guppyfry_early_orc_mine
D:4:      layout_cave_pods, gammafunk_temple_overflow_wave, enter_ossuary_1,
          serial_shops, kennysheep_little_box

Skill      XL: |  1  2  3  4  5 |
---------------+----------------+-----
Invocations    | 1 |  1.9
Short Blades   | 1 |  1.7
Long Blades    | 1 |  1.7
Axes           | 1 |  1.7
Maces & Flails | 1 |  1.7
Polearms       | 1 |  1.7
Staves         | 1 |  1.7
Ranged Weapons | 1 |  1.7
Throwing       | 1 |  1.7
Armour         | 1 |  1.7
Stealth        | 1 |  1.7
Shields        | 1 |  1.7
Spellcasting   | 1 |  1.7
Evocations     | 1 |  1.7
Conjurations   | 1 |  1.3
Hexes          | 1 |  1.3
Summonings     | 1 |  1.3
Necromancy     | 1 |  1.3
Translocations | 1 |  1.3
Transmutations | 1 |  1.3
Fire Magic     | 1 |  1.3
Ice Magic      | 1 |  1.3
Air Magic      | 1 |  1.3
Earth Magic    | 1 |  1.3
Poison Magic   | 1 |  1.3
Fighting       | 3 |  3.1
Dodging        | |  4.9
Unarmed Combat | |  6.7
Shapeshifting  | |  6.6

Action                     |  1- 3 |  4- 6 || total
---------------------------+-------+-------++-------
  Melee: Unarmed           |    52 |   158 ||   210
         Bite              |     3 |    19 ||    22
    Use: Potion            |       |     1 ||     1
   Stab: Paralysed         |       |     1 ||     1
         Sleeping          |       |     1 ||     1
 Armour: Animal skin       |     6 |    33 ||    39
  Dodge: Dodged            |    26 |    85 ||   111
   Form: Flux              |     1 |       ||     1

Table legend: (Time is in decaauts)
 A = Elapsed time spent in this place.
 B = Non-inter-level travel time spent in this place.
 C = Inter-level travel time spent in this place.
 D = Time resting spent in this place.
 E = Time spent auto-exploring this place.
 F = Levels seen in this place.
 G = Mean time per level.
                   A        B        C        D        E       F      G
               +--------+--------+--------+--------+--------+-----+--------+
         Total |   2098 |   2006 |     92 |      0 |   1587 |   4 |  524.5 |
       Dungeon |   2098 |   2006 |     92 |      0 |   1587 |   4 |  524.5 |
               +--------+--------+--------+--------+--------+-----+--------+

Top non-repeatable levels by time:
     D:2: 812 daAuts
     D:3: 680 daAuts
     D:1: 498 daAuts
     D:4: 106 daAuts
